 Dungeon Crawl Stone Soup version 0.27.1-33-g824d729ab1 (webtiles) character file.

Game seed: 8659419457314882118

108226 demibob the Fencer (level 15, -1/149 HPs)
             Began as a Minotaur Chaos Knight on Nov 26, 2021.
             Was the Champion of Jiyva.
             Slain by a cyan ugly thing (15 damage)
             ... led by a wizard
             ... on level 1 of the Vaults.
             The game lasted 01:40:01 (29264 turns).

demibob the Fencer (Minotaur Chaos Knight)         Turns: 29264, Time: 01:40:01

Health: -1/149     AC: 10    Str: 25    XL:     15   Next: 65%
Magic:  14/14      EV: 27    Int:  8    God:    Jiyva [******]
Gold:   1216       SH:  0    Dex: 15    Spells: 14/14 levels left

rFire    + . .     SeeInvis .   a - +2 great sword (elec)
rCold    + + +     Faith    .   (shield currently unavailable)
rNeg     . . .     Spirit   .   r - +4 scale mail {rPois}
rPois    +         Reflect  .   (helmet restricted)
rElec    .         Harm     .   n - scarf {rC+ rF+}
rCorr    +         Rampage  .   z - +0 pair of gloves
Will     +....                  x - +0 pair of boots
Stlth    ..........             A - amulet "Yngan" {RegenMP rPois rC+ rCorr Str+4}
HPRegen  0.34/turn              l - ring of the Hare {EV+8}
MPRegen  0.39/turn              E - +4 ring of evasion

@: marked, corroded
A: horns 2, retaliatory headbutt, agile 1, cold resistance 1, wild magic 1,
pseudopods 1, jelly sensing items
}: 1/15 runes: slimy
a: Renounce Religion, Request Jelly, Slimify, Cure Bad Mutation


You were on level 1 of the Vaults.
You worshipped Jiyva.
Jiyva was exalted by your worship.
You visited 5 branches of the dungeon, and saw 29 of its levels.
You visited the Abyss 1 time.
You also visited: Gauntlet.

You collected 1561 gold pieces.
You spent 345 gold pieces at shops.


Innate Abilities, Weirdness & Mutations

You have a pair of horns on your head.
You reflexively headbutt those who attack you in melee.
You are agile. (Dex +2)
Your flesh is cold resistant. (rC+)
Your spells are a little harder to cast, but a little more powerful.
Armour fits poorly on your pseudopods.
You have a small jelly attached to you that senses nearby items.


   Skills:
 - Level 17.8 Fighting
 + Level 18.2 Long Blades
 - Level 14.2 Armour
 - Level 9.7 Dodging
 - Level 9.0 Evocations


You had 14 spell levels left.
You didn't know any spells.
Your spell library contained the following spells:

 Spells                   Type           Power      Damage    Failure   Level
 Beastly Appendage        Tmut           0%         N/A       71%         1
 Foxfire                  Conj/Fire      0%         2x1d4     71%         1
 Freeze                   Ice            0%         1d3       71%         1
 Corpse Rot               Necr/Air       N/A        N/A       83%         2
 Poisonous Vapours        Pois/Air       0%         N/A       83%         2
 Slow                     Hex            0%         N/A       83%         2
 Wereblood                Tmut           0%         N/A       83%         2
 Conjure Flame            Conj/Fire      0%         6-21      96%         3
 Frozen Ramparts          Ice            0%         1d2       96%         3
 Gell's Gravitas          Tloc           0%         N/A       96%         3
 Inner Flame              Hex/Fire       0%         N/A       96%         3
 Lesser Beckoning         Tloc           0%         N/A       96%         3
 Spider Form              Tmut/Pois      0%         N/A       96%         3
 Stone Arrow              Conj/Erth      0%         3d7       96%         3
 Teleport Other           Tloc           0%         N/A       96%         3
 Dispel Undead            Necr           0%         3d6       100%        4
 Hailstorm                Conj/Ice       0%         3d3       100%        4
 Ice Form                 Ice/Tmut       0%         N/A       100%        4
 Petrify                  Tmut/Erth      0%         N/A       100%        4
 Bolt of Magma            Conj/Fire/Erth 0%         4d4       100%        5
 Freezing Cloud           Conj/Ice/Air   0%         6-21      100%        5
 Metabolic Englaciation   Hex/Ice        0%         N/A       100%        5
 Silence                  Hex/Air        0%         N/A       100%        5
 Death Channel            Necr           0%         N/A       100%        6
 Simulacrum               Ice/Necr       0%         N/A       100%        6
 Statue Form              Tmut/Erth      0%         N/A       100%        6
 Shatter                  Erth           0%         3d5*      100%        9

Inventory:

Hand Weapons
 a - a +2 great sword of electrocution (weapon)
 k - a +3 scimitar of flaming
 t - the +8 trident of Kismet {flame, Fly rPois SInv}
   (You found it on level 8 of the Dungeon)

   It burns those it strikes, dealing additional fire damage.
   rPois:     It protects you from poison.
   SInv:      It lets you see invisible.
   Fly:       It grants you flight.
 w - a +4 falchion
 I - a +1 falchion of chaos
Missiles
 b - 47 poisoned darts (quivered)
Armour
 n - a scarf of resistance (worn)
 r - a +4 scale mail of poison resistance (worn)
 x - a +0 pair of boots (worn)
 z - a +0 pair of gloves (worn)
 J - a +2 plate armour of willpower
Jewellery
 c - a ring of protection from cold
 f - a ring of protection from fire
 l - the ring of the Hare (left hand) {EV+8}
   (You found it in a Gauntlet)

   [ring of evasion]

   EV:        It affects your evasion (+8).
 v - a ring of see invisible
 A - the amulet "Yngan" (around neck) {RegenMP rPois rC+ rCorr Str+4}
   (You found it in a Gauntlet)

   [amulet of magic regeneration]

   It increases your rate of magic regeneration.
   Str:       It affects your strength (+4).
   rC:        It protects you from cold.
   rPois:     It protects you from poison.
   rCorr:     It protects you from acid and corrosion.
 C - a ring of ice
 D - a +6 ring of dexterity
 E - a +4 ring of evasion (right hand)
 F - a ring of protection from fire
Wands
 q - a wand of flame (13)
 y - a wand of charming (1)
 K - a wand of polymorph (4)
Scrolls
 d - a scroll of brand weapon
 h - 4 scrolls of enchant weapon
 i - 5 scrolls of enchant armour
 m - a scroll of magic mapping
 p - a scroll of fog
 G - 3 scrolls of identify {@r1}
Potions
 e - 3 potions of brilliance
 g - a potion of curing {@q1}
 j - a potion of magic
 o - 4 potions of attraction
 H - 4 potions of ambrosia

Dungeon Overview and Level Annotations

Branches:
Dungeon (15/15)            Temple (0/1) D:7            Lair (6/6) D:8
  Swamp (0/4) Lair:4        Snake (0/4) Lair:4        Slime (5/5) Lair:6
    Orc (2/2) D:11            Elf (0/3) Orc:2        Vaults (1/5) D:14
 Depths (0/5) D:15        Gauntlet (visited)

Altars:
Ashenzari
Elyvilon
Xom
Beogh
Jiyva

Shops:
D:1 (   D:6 *   Orc:1 (   Orc:2 (*([

Annotations:
D:4 3 runed translucent doors, Fractals's ghost, amateur HuBe; pkoi's ghost, amateur DrMo
Lair:5 3 runed translucent doors, Panli's ghost, journeyman CeAM
Slime:5 Royal Jelly

...............
................▒
▒................▒
▒................▒
+...........p....▒
▒..........§.....▒
▒.......§uY§.....▒
▒.......)@uc.....▒
▒.......p)B......+
▒.........†.[....▒
▒.............$..▒
▒▒▒▒▒▒▒▒...............$▒
.........................
.........................
...........▒▒▒▒▒▒▒'▒▒▒▒▒▒
...........▒ .B


You could see a dire elephant, an entropy weaver (strong), 2 ugly things, a
centaur warrior (strong, corroded), an ironbound convoker and a wizard.


Message History

The yaktaur is severely wounded.
The cyan ugly thing barely misses you.
The entropy weaver points at you and mumbles some strange words.
The entropic weave corrodes you! The dire elephant closely misses you.
The dire elephant barely misses you. The yaktaur misses you.
You slice the yaktaur!!
You kill the yaktaur!
The ironbound convoker casts a spell at the entropy weaver.
The entropy weaver seems to grow stronger.
The cyan ugly thing misses you. You furiously retaliate!
You headbutt the cyan ugly thing, but do no damage.
The entropy weaver barely misses you. The entropy weaver hits you.
* * * LOW HITPOINT WARNING * * *
The entropy weaver completely misses you.
The entropy weaver hits you.
* * * LOW HITPOINT WARNING * * *
Unknown command.
You hit the entropy weaver.
Your bludgeon misses the entropy weaver.
The entropy weaver is almost dead.
The dire elephant misses you.
The dire elephant trunk-slaps you but does no damage.
The purple ugly thing barely misses you.
You furiously retaliate!
You headbutt the purple ugly thing, but do no damage.
The cyan ugly thing engulfs you.
* * * LOW HITPOINT WARNING * * *
The cyan ugly thing shocks you!
You die...
Xom thinks this is hilarious!

Skill      XL: |  1  2  3  4  5  6  7  8  9 10 11 12 13 14 15 |
---------------+----------------------------------------------+-----
Long Blades    | 4 5 6 7 8 11 13 14 15 18 | 18.2
Armour         | 3 4 7 9 10 14 | 14.2
Fighting       | 7 10 13 15 17 | 17.8
Dodging        | 2 7 9 |  9.7
Evocations     | 5 9 |  9.0

Action                   |  1- 3 |  4- 6 |  7- 9 | 10-12 | 13-15 || total
-------------------------+-------+-------+-------+-------+-------++-------
Melee: Falchion          |    87 |    59 |   201 |   750 |   951 ||  2048
       Headbutt          |    13 |    10 |    43 |   248 |   405 ||   719
       Kick              |       |       |    71 |    34 |       ||   105
       Scimitar          |       |       |       |       |   117 ||   117
       Great sword       |       |       |       |       |   373 ||   373
       Pseudopods        |       |       |       |       |    76 ||    76
Throw: Dart              |       |       |     6 |       |    11 ||    17
       Throwing net      |       |       |       |       |     2 ||     2
Invok: Cure Bad Mutation |       |       |       |       |     3 ||     3
       Slimify           |       |       |       |       |     3 ||     3
Evoke: Wand              |       |       |       |    25 |    53 ||    78
  Use: Scroll            |     5 |     2 |     6 |    11 |    27 ||    51
       Potion            |     1 |       |     2 |    12 |    16 ||    31
 Stab: Paralysed         |     1 |     3 |       |     2 |       ||     6
       Confused          |     1 |       |     1 |     1 |     1 ||     4
       Distracted        |       |       |     1 |       |       ||     1
       Sleeping          |       |       |       |     1 |       ||     1
       Petrified         |       |       |       |     8 |     4 ||    12
       Petrifying        |       |       |       |     1 |       ||     1
       Invisible         |       |       |       |       |    29 ||    29
Armor: Leather armour    |    24 |    12 |    27 |       |       ||    63
       Skin              |     7 |     2 |       |       |       ||     9
       Steam dragon scal |       |       |     5 |     2 |       ||     7
       Troll leather arm |       |       |       |   126 |   102 ||   228
       Plate armour      |       |       |       |       |   217 ||   217
       Scale mail        |       |       |       |       |    30 ||    30
Dodge: Dodged            |    55 |    38 |   115 |   547 |   916 ||  1671
       Rpst.: Falchion   |     9 |     8 |    23 |   114 |   119 ||   273
       Scimitar          |       |       |       |       |    22 ||    22
       Great sword       |       |       |       |       |    65 ||    65

Levels and vault maps discovered:
D:1:      scummos_arrival_checkerplants, layout_basic, serial_shops, shop,
          minmay_tetromino_o4
D:2:      layout_loops_ring, hellmonk_ecumenical_altar_the_god_not_taken
D:3:      layout_rooms, uniq_terence
D:4:      layout_loops_ring, gammafunk_ghost_cemetery, gup_sewer_entry_bubbles,
          kennysheep_potato, uniq_menkaure
D:5:      layout_cave_pools, glass_columns_a, uniq_blork_the_orc
D:6:      layout_layer_cave, serial_shops, kennysheep_mini, uniq_pikel,
          uniq_grinder
D:7:      layout_rooms, minmay_temple_entry_sparse_star, roderic_roman_lattice
D:8:      layout_basic, dpeg_oklobed_lair, special_room [special_room_orc],
          uniq_psyche
D:9:      layout_basic, uniq_grum
D:10:     layout_irregular_city, mainiacjoe_overflow_chevrons,
          minmay_strange_pillars, kennysheep_donut, uniq_harold
D:11:     layout_big_octagon, erik_orc_3
D:12:     layout_loops_ring, special_room [special_room_bee]
D:13:     layout_basic, gauntlet_entry_generic,
          portal_ice_cave_entry_ice_simulacra, uniq_frances, uniq_azrael
D:14:     layout_loops_ring, ximxim_vaults_locker_room,
          small_statue_intersection, evilmike_ruin_ashenzari, uniq_louise
D:15:     gammafunk_enter_depths_forms, layout_cave_pools, serial_park_avenue1
Lair:1:   layout_cave_pods, chequers_serial_rivers_room_a
Lair:2:   layout_gridlike, infiniplex_staircase_pool_2, lemuel_fruit_tree
Lair:3:   layout_regular_city, nicolae_lair_grove_arrangements
Lair:4:   layout_hall_layers, skrybe_swamp_entry_bodies, dummy_snake_entry,
          bobbens_dragon_lair_wall
Lair:5:   beast_lair_carwin_large_1, layout_small_grid,
          gammafunk_ghost_hydra_chop
Lair:6:   evilmike_catoblepas_cave, layout_gridlike,
          dpeg_slime_entry_enclosed_altar
Slime:1:  layout_caves, cheibrodos_slime_lost_civilization_4
Slime:2:  layout_caves
Slime:3:  layout_caves
Slime:4:  layout_caves
Slime:5
Orc:1:    layout_caves, serial_shops, shop_fountains
Orc:2:    grunt_orc_community_town_hall, layout_caves,
          grunt_orc_community_big_house_2, grunt_orc_community_big_house_2,
          grunt_orc_community_house_3, grunt_orc_community_house_2,
          grunt_orc_community_house_3, grunt_orc_community_house_3,
          grunt_orc_community_house_2, grunt_orc_community_house_1, basic_altar,
          lightli_volcano_entry_magma_tube, lightli_orcish_oven
Vaults:1: nicolae_vaults_little_squares_2,
          nicolae_vaults_windows_and_doors_thing,
          nicolae_vaults_little_squares_4, ontoclasm_vaults_fire_temple,
          nicolae_vaults_little_squares_2, vaults_room_pools,
          nicolae_vaults_theta, dpeg_vaults_monster_box, hangedman_vaults_slice,
          layout_vaults_chaotic_city, uniq_aizul

Notes
Turn   | Place    | Note
-------+----------+-------------------------------------------
     0 | D:1      | demibob the Minotaur Chaos Knight began the quest for the
                  | Orb.
     0 | D:1      | Reached XP level 1. HP: 19/19 MP: 0/0
    45 | D:1      | XOM: divination: detect creatures
   250 | D:1      | Reached skill level 4 in Long Blades
   358 | D:1      | Reached skill level 3 in Armour
   358 | D:1      | Reached XP level 2. HP: 25/26 MP: 1/1
   495 | D:1      | XOM is BORED!
   495 | D:1      | XOM: silly message
   636 | D:1      | Found Axyetok's Antique Weapon Emporium.
   888 | D:1      | XOM: divination: detect items
   988 | D:2      | Reached XP level 3. HP: 31/31 MP: 2/2
  1029 | D:2      | XOM: silly message
  1139 | D:2      | XOM: 6-stop teleportation journey
  1239 | D:2      | XOM: smoke on damage
  1303 | D:2      | Found a faded altar of an unknown god.
  1318 | D:2      | Found a faded altar of an unknown god.
  1569 | D:2      | XOM: give mutations
  1569 | D:2      | Gained mutation: Your natural rate of healing is unusually
                  | fast. [Xom's mischief]
  1569 | D:2      | Gained mutation: You are clumsy. (Dex -2) [Xom's mischief]
  1569 | D:2      | Gained mutation: You are weak. (Str -2) [Xom's mischief]
  1569 | D:2      | Gained mutation: You sometimes lose the ability to read
                  | scrolls when taking damage. [Xom's mischief]
  1629 | D:2      | XOM: give mutation
  1629 | D:2      | Gained mutation: You are dopey. (Int -2) [Xom's mischief]
  1646 | D:2      | XOM: silly message
  1661 | D:3      | XOM: noise
  1663 | D:3      | Noticed Terence
  1666 | D:3      | XOM: confusion (+ monsters)
  1683 | D:3      | Killed Terence
  1684 | D:3      | Reached skill level 5 in Long Blades
  1684 | D:3      | Reached skill level 4 in Armour
  1684 | D:3      | Reached XP level 4. HP: 39/39 MP: 3/3
  2091 | D:4      | XOM: noise
  2099 | D:4      | Found a runed translucent gate.
  2099 | D:4      | Found a runed translucent gate.
  2099 | D:4      | Noticed pkoi's ghost (amateur DrMo)
  2101 | D:4      | Found a runed translucent gate.
  2101 | D:4      | Noticed Fractals's ghost (amateur HuBe)
  2134 | D:4      | Noticed a water moccasin
  2140 | D:4      | Killed a water moccasin
  2141 | D:4      | Reached skill level 6 in Long Blades
  2141 | D:4      | Reached XP level 5. HP: 44/45 MP: 4/4
  2159 | D:4      | Noticed Menkaure
  2165 | D:4      | XOM: swap monsters
  2173 | D:4      | Killed Menkaure
  2174 | D:4      | Reached skill level 7 in Long Blades
  2174 | D:4      | Reached XP level 6. HP: 32/51 MP: 5/5
  2185 | D:4      | XOM: 2-stop teleportation journey
  2358 | D:4      | Reached skill level 8 in Long Blades
  2368 | D:4      | Noticed a steam dragon
  2371 | D:4      | XOM: smoke on damage
  2374 | D:4      | XOM: swap monsters
  2379 | D:4      | Killed a steam dragon
  2380 | D:4      | Reached XP level 7. HP: 30/57 MP: 6/6
  2870 | D:4      | Reached skill level 9 in Long Blades
  2938 | D:4      | XOM: give mutations
  2938 | D:4      | Lost mutation: You are weak. (Str -2) [Xom's grace]
  2938 | D:4      | Gained mutation: You have large cloven feet. [Xom's grace]
  2938 | D:4      | Lost mutation: You are dopey. (Int -2) [Xom's grace]
  2978 | D:5      | Entered Level 5 of the Dungeon
  3137 | D:5      | Noticed Blork the orc
  3147 | D:5      | Killed Blork the orc
  3148 | D:5      | Reached skill level 10 in Long Blades
  3160 | D:5      | Noticed a yak
  3163 | D:5      | Noticed a yak
  3165 | D:5      | Noticed a yak
  3165 | D:5      | Noticed a yak
  3174 | D:5      | XOM: smoke on damage
  3175 | D:5      | Killed a yak
  3178 | D:5      | XOM: cast spell 'Metabolic Englaciation'
  3179 | D:5      | Killed a yak
  3180 | D:5      | Reached skill level 11 in Long Blades
  3180 | D:5      | Reached XP level 8. HP: 42/64 MP: 7/7
  3195 | D:5      | Reached skill level 12 in Long Blades
  3633 | D:6      | Noticed Grinder
  3642 | D:6      | Killed Grinder
  3643 | D:6      | Reached skill level 13 in Long Blades
  3649 | D:6      | Reached XP level 9. HP: 70/70 MP: 8/8
  3712 | D:6      | XOM: summons 5 friendly demons
  3804 | D:6      | Found Ginni's General Store.
  3854 | D:6      | XOM: 1-stop teleportation journey
  3999 | D:6      | Noticed Pikel
  4002 | D:6      | XOM: confuse monster(s)
  4005 | D:6      | Noticed Pikel
  4005 | D:6      | Pikel changed into Pikel the centaur
  4005 | D:6      | XOM: polymorph Pikel -> Pikel the centaur
  4011 | D:6      | Killed Pikel the centaur
  4015 | D:6      | XOM: god gift: 26 gold pieces
  4320 | D:6      | Reached skill level 14 in Long Blades
  4341 | D:6      | XOM: cloud trail
  4405 | D:6      | XOM: give mutations
  4405 | D:6      | Gained mutation: You possess an exceptional clarity of
                  | mind. [Xom's grace]
  4405 | D:6      | Lost mutation: You are clumsy. (Dex -2) [Xom's grace]
  4405 | D:6      | Gained mutation: Your mind is acute. (Int +2) [Xom's grace]
  4405 | D:6      | Gained mutation: You are robust. (+10% HP) [Xom's grace]
  4682 | D:7      | Found a staircase to the Ecumenical Temple.
  4685 | D:7      | XOM: scenery: create altars
  4705 | D:7      | Reached skill level 4 in Fighting
  4737 | D:7      | Reached skill level 5 in Armour
  4820 | D:7      | Reached skill level 5 in Fighting
  4829 | D:7      | XOM: 1-stop teleportation journey
  4863 | D:7      | XOM: divine lightning
  4864 | D:7      | Reached skill level 6 in Armour
  5233 | D:8      | Reached skill level 6 in Fighting
  5235 | D:8      | Noticed Psyche
  5257 | D:8      | Killed Psyche
  5258 | D:8      | Reached skill level 7 in Armour
  5628 | D:8      | Reached skill level 7 in Fighting
  5628 | D:8      | Reached skill level 2 in Dodging
  5628 | D:8      | Found a staircase to the Lair.
  5744 | D:8      | Reached XP level 10. HP: 94/94 MP: 9/9
  5744 | D:8      | Identified the +8 trident of Kismet {flame, Fly rPois SInv}
  5829 | D:8      | XOM: blink monster(s)
  5835 | D:8      | Reached skill level 3 in Dodging
  6135 | D:8      | XOM: enchant monster (bad)
  6222 | D:8      | XOM: enchant monster (good)
  6235 | D:8      | Reached skill level 8 in Fighting
  6235 | D:8      | Reached skill level 4 in Dodging
  6356 | D:9      | XOM: cast spell 'Cause Fear'
  6409 | D:9      | XOM: enchant monster (good)
  6415 | D:9      | XOM: blink monster(s)
  6416 | D:9      | XOM: potion effect (might)
  6422 | D:9      | Reached skill level 5 in Dodging
  6464 | D:9      | Noticed Grum
  6469 | D:9      | Reached skill level 9 in Fighting
  6488 | D:9      | Killed Grum
  6489 | D:9      | Reached skill level 6 in Dodging
  6982 | D:9      | XOM: scenery: 1 doors close
  7059 | D:10     | Entered Level 10 of the Dungeon
  7103 | D:10     | XOM: polymorph yak -> polar bear
  7111 | D:10     | XOM: potion effect (berserk rage)
  7112 | D:10     | Reached skill level 10 in Fighting
  7112 | D:10     | Reached skill level 7 in Dodging
  7415 | D:10     | Noticed Harold
  7427 | D:10     | XOM: divination: detect items
  7443 | D:10     | XOM: chaos upgrade
  7447 | D:10     | Killed Harold
  7448 | D:10     | Reached XP level 11. HP: 77/111 MP: 10/10
  7466 | D:10     | Reached skill level 8 in Dodging
  7478 | D:10     | Noticed a sun demon
  7500 | D:10     | Found a white marble altar of Elyvilon.
  7693 | D:10     | Reached skill level 11 in Fighting
  7976 | D:10     | XOM: give mutations
  7976 | D:10     | Lost mutation: Your mind is acute. (Int +2) [Xom's
                  | mischief]
  7976 | D:10     | Lost mutation: You possess an exceptional clarity of mind.
                  | [Xom's mischief]
  7976 | D:10     | Gained mutation: You occasionally shout uncontrollably at
                  | your foes. [Xom's mischief]
  7976 | D:10     | Gained mutation: You frequently scream uncontrollably at
                  | your foes. [Xom's mischief]
  8090 | D:11     | Lost mutation: You are robust. (+10% HP) [potion of
                  | mutation]
  8090 | D:11     | Lost mutation: You sometimes lose the ability to read
                  | scrolls when taking damage. [potion of mutation]
  8090 | D:11     | Lost mutation: You have large cloven feet. [potion of
                  | mutation]
  8090 | D:11     | Lost mutation: Your natural rate of healing is unusually
                  | fast. [potion of mutation]
  8090 | D:11     | Gained mutation: You have large cloven feet. [potion of
                  | mutation]
  8310 | D:11     | XOM: stat loss: -1 Dex (11/12)
  8507 | D:11     | XOM: give mutations
  8507 | D:11     | Gained mutation: You sometimes lose the ability to read
                  | scrolls when taking damage. [Xom's mischief]
  8507 | D:11     | Lost mutation: You sometimes lose the ability to read
                  | scrolls when taking damage. [Xom's mischief]
  8507 | D:11     | Gained mutation: Your body sometimes deteriorates upon
                  | taking damage. [Xom's mischief]
  8507 | D:11     | Lost mutation: You frequently scream uncontrollably at your
                  | foes. [Xom's mischief]
  8522 | D:11     | XOM: enchant monster (good)
  8544 | D:11     | XOM: blink monster(s)
  8553 | D:11     | XOM: enchant monster (bad)
  8557 | D:11     | XOM: chaos cloud
  8563 | D:11     | Reached skill level 9 in Dodging
  8583 | D:11     | Found a staircase to the Orcish Mines.
  8605 | D:11     | XOM: 1-stop teleportation journey
  8619 | D:11     | XOM: 3-stop teleportation journey
  8707 | D:11     | XOM: summons 4 hostile shadow creatures
  8781 | D:11     | Reached skill level 12 in Fighting
  8843 | D:11     | Noticed a seven-headed hydra
  8844 | D:11     | Lost mutation: You have large cloven feet. [potion of
                  | mutation]
  8844 | D:11     | Lost mutation: Your body sometimes deteriorates upon taking
                  | damage. [potion of mutation]
  8844 | D:11     | Gained mutation: You are dopey. (Int -2) [potion of
                  | mutation]
  8844 | D:11     | Gained mutation: Your flesh is cold resistant. (rC+)
                  | [potion of mutation]
  8844 | D:11     | Gained mutation: You tend to lose your temper in combat.
                  | [potion of mutation]
  8850 | D:11     | Killed a seven-headed hydra
  8905 | D:11     | Noticed a two-headed ogre
  8906 | D:11     | XOM: noise
  8908 | D:11     | XOM: smoke on damage
  8909 | D:11     | Noticed a death drake
  8909 | D:11     | a two-headed ogre changed into a death drake
  8909 | D:11     | XOM: polymorph two-headed ogre -> death drake
  8920 | D:11     | XOM: scenery: summon butterflies
  9036 | Lair:1   | Entered Level 1 of the Lair of Beasts
  9399 | Lair:1   | XOM: 1-stop teleportation journey
  9438 | Lair:1   | XOM: 1-stop teleportation journey
  9453 | Lair:1   | XOM: blink monster(s)
  9459 | Lair:1   | XOM: noise
  9462 | Lair:1   | XOM: give mutations
  9462 | Lair:1   | Lost mutation: You are dopey. (Int -2) [Xom's mischief]
  9462 | Lair:1   | Gained mutation: Your muscles are strong. (Str +2) [Xom's
                  | mischief]
  9462 | Lair:1   | Gained mutation: You sometimes lose the ability to read
                  | scrolls when taking damage. [Xom's mischief]
  9462 | Lair:1   | Gained mutation: Armour fits poorly on your strangely
                  | shaped body. [Xom's mischief]
  9472 | Lair:1   | XOM: confuse monster(s)
  9526 | Lair:1   | XOM: polymorph yak -> something unseen
  9530 | Lair:1   | Reached skill level 8 in Armour
  9596 | Lair:1   | XOM: 1-stop teleportation journey
  9715 | Lair:1   | XOM: enchant monster (bad)
  9811 | Lair:1   | XOM: polymorph basilisk -> steam dragon
 10179 | Lair:2   | Noticed a seven-headed hydra
 10180 | Lair:2   | Noticed a great orb of eyes
 10180 | Lair:2   | a seven-headed hydra changed into a great orb of eyes
 10196 | Lair:2   | XOM: enchant monster (bad)
 10197 | Lair:2   | XOM: smoke on damage
 10200 | Lair:2   | Killed a great orb of eyes
 10201 | Lair:2   | Reached skill level 13 in Fighting
 10252 | Lair:2   | Reached skill level 9 in Armour
 10252 | Lair:2   | Reached XP level 12. HP: 92/115 MP: 11/11
 10274 | Lair:2   | XOM: enchant monster (bad)
 10416 | Lair:2   | XOM: swap monsters
 10559 | Lair:2   | XOM: polymorph elephant -> swamp dragon
 10565 | Lair:2   | XOM: blink monster(s)
 10573 | Lair:2   | XOM: give mutations
 10573 | Lair:2   | Gained mutation: You are frail. (-10% HP) [Xom's mischief]
 10573 | Lair:2   | Lost mutation: You sometimes lose the ability to read
                  | scrolls when taking damage. [Xom's mischief]
 10573 | Lair:2   | Gained mutation: You sometimes lose the ability to read
                  | scrolls when taking damage. [Xom's mischief]
 10573 | Lair:2   | Lost mutation: Armour fits poorly on your strangely shaped
                  | body. [Xom's mischief]
 10804 | Lair:2   | XOM: noise
 10810 | Lair:2   | Reached skill level 10 in Armour
 10954 | Lair:2   | Identified a scarf of resistance
 11083 | Lair:3   | Noticed an eight-headed hydra
 11087 | Lair:3   | an eight-headed hydra changed into a glowing shapeshifter
 11087 | Lair:3   | XOM: polymorph eight-headed hydra -> glowing shapeshifter
 11087 | Lair:3   | Noticed a two-headed ogre
 11087 | Lair:3   | a glowing shapeshifter changed into a two-headed ogre
 11090 | Lair:3   | a two-headed ogre changed into a moth of wrath
 11270 | Lair:3   | XOM is BORED!
 11270 | Lair:3   | XOM: give mutations
 11270 | Lair:3   | Gained mutation: You are agile. (Dex +2) [Xom's mischief]
 11270 | Lair:3   | Lost mutation: You are agile. (Dex +2) [Xom's mischief]
 11319 | Lair:3   | Reached skill level 1 in Evocations
 11469 | Lair:3   | XOM: blink monster(s)
 11471 | Lair:3   | XOM: cleaving
 11478 | Lair:3   | Reached skill level 14 in Fighting
 11479 | Lair:3   | Reached skill level 2 in Evocations
 11628 | Lair:3   | XOM: noise
 12080 | Lair:4   | XOM: smoke on damage
 12080 | Lair:4   | Noticed a four-headed hydra
 12104 | Lair:3   | Reached skill level 3 in Evocations
 12130 | Lair:4   | XOM: swap monsters
 12295 | Lair:4   | Found a staircase to the Swamp.
 12297 | Lair:4   | Lost mutation: You occasionally shout uncontrollably at
                  | your foes. [potion of mutation]
 12297 | Lair:4   | Lost mutation: Your muscles are strong. (Str +2) [potion of
                  | mutation]
 12297 | Lair:4   | Gained mutation: Your mind is acute. (Int +2) [potion of
                  | mutation]
 12308 | Lair:4   | Reached skill level 4 in Evocations
 12327 | Lair:4   | Found a staircase to the Snake Pit.
 12411 | Lair:4   | Identified a potion of resistance
 12415 | Lair:4   | Killed a four-headed hydra
 12581 | Lair:4   | Noticed an eight-headed hydra
 12585 | Lair:4   | Killed an eight-headed hydra
 12590 | Lair:4   | Reached skill level 15 in Fighting
 12590 | Lair:4   | Reached skill level 5 in Evocations
 12627 | Lair:4   | XOM: scenery: create altars
 12634 | Lair:4   | Identified the +8 trident of the Wary Eyes {vorpal, Int+2}
 12674 | Lair:3   | XOM: polymorph rime drake -> hornet
 12688 | Lair:4   | XOM: cleaving
 12925 | Lair:4   | XOM: noise
 12929 | Lair:4   | Reached XP level 13. HP: 114/114 MP: 12/12
 12947 | Lair:4   | Noticed a fire dragon
 12973 | Lair:4   | Killed a fire dragon
 13739 | Lair:4   | XOM: silly message
 13749 | Lair:5   | XOM: potion effect (invisibility)
 13753 | Lair:5   | XOM: silly message
 13757 | Lair:5   | Reached skill level 6 in Evocations
 13887 | Lair:5   | XOM: potion effect (invisibility)
 13938 | Lair:5   | XOM: divination: detect creatures
 13980 | Lair:5   | Reached skill level 7 in Evocations
 14037 | Lair:5   | Reached skill level 16 in Fighting
 14088 | Lair:5   | XOM: silly message
 14139 | Lair:5   | XOM: summons 3 friendly demons
 14141 | Lair:5   | XOM: repel stairs
 14148 | Lair:5   | XOM: polymorph white imp -> crimson imp
 14150 | Lair:5   | XOM: 2-stop teleportation journey
 14198 | Lair:5   | XOM: 5-stop teleportation journey
 14319 | Lair:5   | XOM: smoke on damage
 14364 | Lair:5   | XOM: give mutations
 14364 | Lair:5   | Gained mutation: You are clumsy. (Dex -2) [Xom's mischief]
 14364 | Lair:5   | Lost mutation: You are clumsy. (Dex -2) [Xom's mischief]
 14364 | Lair:5   | Gained mutation: You are weak. (Str -2) [Xom's mischief]
 14505 | Lair:5   | XOM: summons 4 hostile demons
 14578 | Lair:5   | Found a runed translucent gate.
 14579 | Lair:5   | Found a runed translucent gate.
 14579 | Lair:5   | Noticed Panli's ghost (journeyman CeAM)
 14580 | Lair:5   | Found a runed translucent gate.
 14814 | Lair:6   | Entered Level 6 of the Lair of Beasts
 14838 | Lair:6   | XOM: summons 3 friendly demons
 14958 | Lair:5   | XOM: give mutations
 14958 | Lair:5   | Gained mutation: Your magical capacity is low. (-10% MP)
                  | [Xom's mischief]
 14958 | Lair:5   | Gained mutation: Your body sometimes deteriorates upon
                  | taking damage. [Xom's mischief]
 14958 | Lair:5   | Gained mutation: You are very frail. (-20% HP) [Xom's
                  | mischief]
 15098 | Lair:6   | XOM: 2-stop teleportation journey
 15138 | Lair:6   | XOM: confusion
 15152 | Lair:6   | Reached skill level 8 in Evocations
 15205 | Lair:6   | XOM: silly message
 15281 | Lair:6   | XOM: blink monster(s)
 15430 | Lair:6   | XOM: noise
 15450 | Lair:6   | XOM: potion effect (invisibility)
 15590 | Lair:6   | XOM: fog
 15656 | Lair:6   | Reached skill level 17 in Fighting
 15838 | Lair:6   | XOM: blink monster(s)
 15932 | Lair:6   | XOM: enchant monster (bad)
 15934 | Lair:6   | XOM: swap monsters
 15974 | Lair:6   | Reached skill level 9 in Evocations
 16062 | Lair:6   | XOM: give mutations
 16062 | Lair:6   | Lost mutation: You sometimes lose the ability to read
                  | scrolls when taking damage. [Xom's mischief]
 16062 | Lair:6   | Gained mutation: You expend magic power (3 MP) to
                  | strengthen your wands. [Xom's mischief]
 16089 | Lair:6   | XOM: torment (54/105 hp)
 16213 | Lair:6   | XOM: give mutation
 16213 | Lair:6   | Lost mutation: You tend to lose your temper in combat.
                  | [Xom's mischief]
 16262 | Lair:6   | XOM: 1-stop teleportation journey
 16381 | Lair:6   | Found a viscous altar of Jiyva.
 16381 | Lair:6   | Found a staircase to the Slime Pits.
 16432 | Lair:6   | XOM: swap monsters
 16514 | Lair:6   | XOM: enchant monster (bad)
 16531 | Lair:6   | XOM: divination: detect creatures
 16540 | Lair:6   | XOM: swap monsters
 16555 | Lair:6   | XOM: silly message
 16616 | Lair:6   | >>fuck it
 16626 | Lair:6   | Fell from the grace of Xom
 16626 | Lair:6   | Became a worshipper of Jiyva Jeol the Shapeless
 16752 | Lair:6   | HP: 7/105 [catoblepas (13)]
 16970 | Lair:6   | Reached XP level 14. HP: 62/112 MP: 11/11
 17739 | Orc:1    | Entered Level 1 of the Orcish Mines
 17739 | Orc:1    | Noticed an orc warlord
 18605 | D:12     | You fall into a shaft and drop 3 floors!
 18605 | D:15     | Entered Level 15 of the Dungeon
 19163 | D:14     | Found a broken altar of Ashenzari.
 19331 | D:14     | Reached * piety under Jiyva
 19414 | D:14     | Reached skill level 11 in Armour
 19666 | D:14     | Identified the -4 kite shield of Masochism {rPois Str+4
                  | Dex-2}
 19667 | D:14     | Noticed Louise
 19670 | D:14     | You are cast into the Abyss!
 19670 | D:14     | Cast into level 3 of the Abyss (Louise)
 19716 | D:14     | You pass through the gate.
 19716 | D:14     | Escaped the Abyss
 19789 | D:13     | Found a gate leading to a gauntlet.
 19793 | Gauntlet | Entered a Gauntlet
 19793 | Gauntlet | Found a transporter.
 19793 | Gauntlet | Found a transporter.
 19920 | Gauntlet | Reached ** piety under Jiyva
 20013 | Gauntlet | Found a transporter.
 20013 | Gauntlet | Found a transporter.
 20031 | Gauntlet | Found the ring of the Hare {EV+8}
 20033 | Gauntlet | Found a transporter.
 20041 | Gauntlet | Found a transporter.
 20041 | Gauntlet | Found a transporter.
 20065 | Gauntlet | Found a transporter.
 20072 | Gauntlet | Found a transporter.
 20084 | Gauntlet | Found a transporter.
 20130 | Gauntlet | Found a transporter.
 20139 | Gauntlet | Found a transporter.
 20153 | Gauntlet | Found a transporter.
 20243 | Gauntlet | Found a transporter.
 20253 | Gauntlet | Found a transporter.
 20267 | Gauntlet | Found a transporter.
 20465 | Gauntlet | XOM: cloud trail
 20640 | Gauntlet | Identified the amulet "Yngan" {RegenMP rPois rC+ rCorr
                  | Str+4}
 20667 | Gauntlet | Identified the +1 morningstar "Washri Taose" {freeze,
                  | Str+2}
 20668 | Gauntlet | Identified the +1 ring mail of Midwinter {Int+4}
 21670 | Lair:6   | Reached skill level 12 in Armour
 21715 | Lair:5   | XOM: give mutation
 21715 | Lair:5   | Lost mutation: You expend magic power (3 MP) to strengthen
                  | your wands. [Xom's mischief]
 22105 | Lair:5   | Reached *** piety under Jiyva
 22981 | D:13     | Noticed Azrael
 23015 | D:13     | Killed Azrael
 23175 | D:13     | Noticed Frances
 23195 | D:13     | Killed Frances
 23196 | D:13     | Reached skill level 13 in Armour
 23204 | D:13     | Gained mutation: Your spells are a little harder to cast,
                  | but a little more powerful. [Jiyva's grace]
 23668 | D:14     | Found a gate to the Vaults.
 23724 | D:14     | Killed Louise
 23838 | D:14     | XOM: polymorph jelly -> steam dragon
 24567 | D:15     | Reached **** piety under Jiyva
 24659 | D:15     | Reached skill level 14 in Armour
 24675 | D:15     | Lost mutation: Your mind is acute. (Int +2) [Jiyva's grace]
 24920 | D:14     | XOM: polymorph jelly -> wyvern
 24941 | D:13     | XOM: polymorph jelly -> shapeshifter
 25034 | D:11     | XOM: noise
 25105 | Orc:1    | Found Fenuinotz's Antique Weapon Boutique.
 25194 | Orc:1    | Gained mutation: You are agile. (Dex +2) [Jiyva's grace]
 25357 | Orc:1    | Bought a glowing great sword for 294 gold pieces
 25370 | Orc:2    | XOM: noise
 25370 | Orc:2    | Entered Level 2 of the Orcish Mines
 25394 | Orc:2    | XOM: confusion (+ monsters)
 25400 | Orc:2    | Reached skill level 15 in Long Blades
 25416 | Orc:2    | Reached ***** piety under Jiyva
 25461 | Orc:2    | Found Jidyblee's Weapon Boutique.
 25477 | Orc:2    | Lost mutation: Your magical capacity is low. (-10% MP)
                  | [Jiyva's grace]
 25483 | Orc:2    | Lost mutation: Your body sometimes deteriorates upon taking
                  | damage. [Jiyva's power]
 25484 | Orc:2    | Lost mutation: You are very frail. (-20% HP) [Jiyva's
                  | power]
 25553 | Orc:2    | XOM: noise
 25611 | Orc:2    | Lost mutation: You are frail. (-10% HP) [Jiyva's grace]
 25659 | Orc:2    | XOM: 5-stop teleportation journey
 25668 | Orc:2    | Reached XP level 15. HP: 127/149 MP: 14/14
 25867 | Orc:2    | Found a staircase to the Elven Halls.
 26066 | Orc:2    | XOM: enchant monster (bad)
 26128 | Orc:2    | Gained mutation: Your mind is acute. (Int +2) [Jiyva's
                  | grace]
 26173 | Orc:2    | Noticed an orc warlord
 26187 | Orc:2    | Gained mutation: Armour fits poorly on your pseudopods.
                  | [Jiyva's grace]
 26190 | Orc:2    | Slimified an orc warlord
 26190 | Orc:2    | Noticed an acid blob
 26190 | Orc:2    | an orc warlord changed into an acid blob
 26207 | Orc:2    | Lost mutation: You are weak. (Str -2) [Jiyva's grace]
 26216 | Orc:2    | Reached ****** piety under Jiyva
 26237 | Orc:2    | Gained mutation: Your magical capacity is low. (-10% MP)
                  | [Jiyva's grace]
 26245 | Orc:2    | Found Innaim Napso's Antique Armour Shop.
 26247 | Orc:2    | Found Edutehi's Antique Weapon Boutique.
 26333 | Orc:2    | Found Ruz Jal's General Store.
 26360 | Orc:2    | Gained mutation: You have large cloven feet. [Jiyva's
                  | grace]
 26412 | Orc:2    | Bought a scroll of teleportation for 51 gold pieces
 26721 | D:11     | Slimified an orc warlord
 26721 | D:11     | Noticed an azure jelly
 26721 | D:11     | an orc warlord changed into an azure jelly
 26725 | D:11     | Lost mutation: Your mind is acute. (Int +2) [Jiyva's grace]
 26927 | Lair:6   | Reached skill level 16 in Long Blades
 26940 | Lair:6   | XOM: blink monster(s)
 27535 | Slime:1  | Entered Level 1 of the Pits of Slime
 27535 | Slime:1  | Noticed an acid blob
 27546 | Slime:2  | Noticed an acid blob
 27547 | Slime:2  | Noticed a rockslime
 27551 | Slime:3  | Noticed a rockslime
 27560 | Slime:5  | Entered Level 5 of the Pits of Slime
 27564 | Slime:5  | Gained mutation: Your body has grown golden eyes which may
                  | confuse attackers. (Acc +3) [Jiyva's grace]
 27566 | Slime:5  | Gained mutation: You have a small jelly attached to you
                  | that senses nearby items. [Jiyva's grace]
 27568 | Slime:5  | Lost mutation: Your body has grown golden eyes which may
                  | confuse attackers. (Acc +3) [Jiyva's grace]
 27572 | Slime:5  | Lost mutation: Your magical capacity is low. (-10% MP)
                  | [Jiyva's grace]
 27579 | Slime:5  | Found a viscous altar of Jiyva.
 27579 | Slime:5  | Noticed an acid blob
 27580 | Slime:5  | Noticed an acid blob
 27580 | Slime:5  | Noticed a rockslime
 27581 | Slime:5  | Noticed an acid blob
 27581 | Slime:5  | Noticed the Royal Jelly
 27582 | Slime:5  | Noticed an acid blob
 27582 | Slime:5  | Noticed an acid blob
 27586 | Slime:5  | Identified the amulet "Jyviq" {Faith rN+++ Str-5 Int-3
                  | SInv}
 27588 | Slime:5  | Noticed an acid blob
 27590 | Slime:5  | Got a slimy rune of Zot
 27591 | Slime:5  | Identified the +10 great mace of the Bespelling Fox {holy,
                  | rF+ Str+3 SInv}
 27592 | Slime:5  | Noticed an azure jelly
 27593 | Slime:5  | Noticed an acid blob
 27599 | Slime:5  | Identified the +1 chain mail of Gori {*Corrode +Blink rElec
                  | rPois}
 27611 | Slime:5  | Got the Volume of Execration
 27621 | Slime:5  | Noticed a rockslime
 27654 | Slime:5  | Noticed an azure jelly
 28026 | D:15     | XOM: enchant monster (bad)
 28039 | D:15     | Reached skill level 17 in Long Blades
 28257 | D:15     | XOM: give mutation
 28257 | D:15     | Gained mutation: You sometimes lose the ability to read
                  | scrolls when taking damage. [Xom's mischief]
 28554 | D:15     | Lost mutation: You sometimes lose the ability to read
                  | scrolls when taking damage. [Jiyva's power]
 28709 | D:15     | Found a staircase to the Depths.
 28920 | Vaults:1 | Entered Level 1 of the Vaults
 28929 | Vaults:1 | Lost mutation: You have large cloven feet. [Jiyva's grace]
 29131 | Vaults:1 | XOM: 1-stop teleportation journey
 29181 | Vaults:1 | XOM: summons 14 hostile demons
 29231 | Vaults:1 | XOM: noise
 29234 | Vaults:1 | Noticed Aizul
 29247 | Vaults:1 | Slimified Aizul
 29247 | Vaults:1 | Noticed Aizul
 29247 | Vaults:1 | Aizul changed into Aizul the acid blob
 29255 | Vaults:1 | Killed Aizul the acid blob
 29256 | Vaults:1 | Reached skill level 18 in Long Blades
 29261 | Vaults:1 | >>i die here
 29264 | Vaults:1 | HP: 14/149 [cyan ugly thing[a wizard] (2)]
 29264 | Vaults:1 | Slain by a cyan ugly thing

Vanquished Creatures
  Frances (D:13)
  Louise (D:14)
  A very ugly thing (D:15)
  Azrael (D:13)
  2 dire elephants (Vaults:1)
  A fire dragon (Lair:4)
  A great orb of eyes (Lair:2)
  An ironbound thunderhulk (Vaults:1)
  Harold (D:10)
  3 boulder beetles (D:12)
  5 hydras
  5 catoblepae
  9 centaur warriors
  2 ironbound beastmasters (Vaults:1)
  An orc high priest (Orc:2)
  9 death yaks
  A swamp dragon (Lair:2)
  2 bog bodies (Lair:4)
  A harpy (Vaults:1)
  An ironbound convoker (Vaults:1)
  4 orc knights
  A deep elf pyromancer (D:14)
  3 orc sorcerers
  4 cyclopes
  23 ugly things
  A moth of wrath (shapeshifter) (Lair:3)
  4 manticores
  11 elephants
  4 black mambas
  A vault sentinel (Vaults:1)
  10 cane toads
  A kobold demonologist (D:10)
  An unseen horror (Lair:1)
  9 komodo dragons
  A yaktaur (shapeshifter) (Vaults:1)
  Psyche (D:8)
  8 rime drakes
  A queen bee (D:12)
  3 polar bears
  A meliai (D:12)
  4 trolls
  Grinder (D:6)
  A hornet (Lair:3)
  17 blink frogs
  7 dream sheep (Lair:5)
  A shadow (D:11)
  3 centaur simulacra (Gauntlet)
  3 wraiths
  55 yaks
  3 wyverns
  5 fire elementals (D:13)
  Grum (D:9)
  2 basilisks
  6 humans (D:14)
  12 steam dragons
  A death yak simulacrum (D:13)
  Menkaure (D:4)
  6 vampire mosquitoes
  4 wargs
  11 water moccasins
  2 acid dragons (D:10)
  2 hell hounds (D:13)
  40 orc warriors
  An ice beast (D:6)
  2 necrophages
  A boggart (shapeshifter) (D:15)
  14 wolves
  4 ogres
  3 centaurs
  A kobold brigand (D:8)
  Blork the orc (D:5)
  9 bullfrogs
  A scorpion (D:7)
  A cane toad simulacrum (D:13)
  A hornet simulacrum (Gauntlet)
  A water moccasin skeleton (D:4)
  15 killer bees
  7 wights
  3 howler monkeys
  2 centaur zombies
  4 small abominations (Gauntlet)
  3 lava snakes (D:10)
  5 jellies
  3 hounds
  23 orc priests
  A centaur skeleton (D:5)
  A gnoll shaman (D:9)
  2 iguanas (D:6)
  Terence (D:3)
  20 orc wizards
  3 troll simulacra (D:13)
  3 killer bee zombies
  A hound zombie (D:5)
  3 howler monkey zombies
  3 gnolls (D:9)
  6 adders
  3 naga simulacra (D:13)
  2 adder skeletons
  4 dart slugs
  87 orcs
  2 bats (D:3)
  6 endoplasms
  7 giant cockroaches
  4 goblins
  7 hobgoblins
  4 jackals (D:1)
  8 kobolds
  6 quokkas
  9 ball pythons
  4 frilled lizards
  4 rats
635 creatures vanquished.

Vanquished Creatures (collateral kills)
  A death knight (D:15)
  An ironbound frostheart (Vaults:1)
  A meliai (D:12)
  5 killer bees (D:12)
8 creatures vanquished.

Vanquished Creatures (others)
  An acid blob (Vaults:1)
  A great orb of eyes (D:15)
  A vault guard (D:14)
  A deep troll (Vaults:1)
  3 ugly things (D:15)
  A meliai (D:12)
  A torpor snail (shapeshifter) (D:15)
  A tengu conjurer (D:14)
  A raiju (shapeshifter) (D:14)
  3 slime creatures (D:15)
  A yak (D:7)
  5 humans (D:14)
  An ogre (Orc:2)
  88 jellies
  An orc priest (Orc:2)
  3 orc wizards (Orc:2)
  16 orcs (Orc:2)
  4 bushes (D:15)
  86 fungi
  106 plants
  10 withered plants (Gauntlet)
335 creatures vanquished.

Grand Total: 978 creatures vanquished

Table legend: (Time is in decaauts)
 A = Elapsed time spent in this place.
 B = Non-inter-level travel time spent in this place.
 C = Inter-level travel time spent in this place.
 D = Time resting spent in this place.
 E = Time spent auto-exploring this place.
 F = Levels seen in this place.
 G = Mean time per level.
                   A        B        C        D        E       F      G
               +--------+--------+--------+--------+--------+-----+--------+
         Total |  28669 |  26730 |   1939 |   5603 |  15888 |  31 |  924.8 |
       Dungeon |  15445 |  14337 |   1108 |   2131 |   9489 |  15 | 1029.7 |
          Lair |  10143 |   9397 |    746 |   3047 |   4674 |   6 | 1690.5 |
    Slime Pits |    187 |    147 |     40 |      0 |     68 |   5 |   37.4 |
  Orcish Mines |   1648 |   1604 |     44 |     66 |   1085 |   2 |  824.0 |
        Vaults |    334 |    334 |      0 |    182 |     74 |   1 |  334.0 |
         Abyss |     45 |     45 |      0 |      0 |     24 |   1 |   45.0 |
      Gauntlet |    863 |    863 |      0 |    175 |    474 |   1 |  863.0 |
               +--------+--------+--------+--------+--------+-----+--------+

Top non-repeatable levels by time:
  Lair:6: 3367 daAuts
    D:14: 2214 daAuts
  Lair:5: 1863 daAuts
  Lair:4: 1518 daAuts
    D:12: 1371 daAuts
   Orc:2: 1330 daAuts
     D:8: 1300 daAuts
    D:10: 1284 daAuts
  Lair:3: 1252 daAuts
     D:6: 1187 daAuts
  Lair:1: 1180 daAuts
    D:15: 1137 daAuts
    D:13: 1080 daAuts
    D:11: 1072 daAuts
  Lair:2: 962 daAuts

Table legend:
 A = Non-vault XP
 B = Vault XP
 C = Vault XP percentage of total XP
 D = Non-vault monster count
 E = Vault monster count
 F = Vault count percentage of total count
                 A         B        C        D         E       F
            +---------+---------+-------+---------+---------+-------
      Total |   88265 |   47773 |  35.1 |     420 |     224 |  34.8
            +---------+---------+-------+---------+---------+-------
        D:1 |      26 |       4 |  13.3 |      13 |       2 |  13.3
        D:2 |      41 |       0 |   0.0 |      15 |       0 |   0.0
        D:3 |      40 |      36 |  47.4 |      21 |       1 |   4.5
        D:4 |     377 |     257 |  40.5 |      14 |       7 |  33.3
        D:5 |    1283 |      99 |   7.2 |      18 |       1 |   5.3
        D:6 |     812 |     382 |  32.0 |      10 |       2 |  16.7
        D:7 |    1059 |       0 |   0.0 |       9 |       0 |   0.0
        D:8 |    1732 |     418 |  19.4 |      22 |      21 |  48.8
        D:9 |    1918 |     554 |  22.4 |      19 |       4 |  17.4
       D:10 |    2777 |     992 |  26.3 |      26 |       1 |   3.7
       D:11 |    5240 |     420 |   7.4 |      26 |      10 |  27.8
       D:12 |    5843 |    1570 |  21.2 |      12 |      19 |  61.3
       D:13 |    1343 |    5064 |  79.0 |       4 |      17 |  81.0
       D:14 |    5655 |    2664 |  32.0 |       8 |       7 |  46.7
       D:15 |   15911 |    1933 |  10.8 |      32 |       2 |   5.9
     Lair:1 |    3160 |       0 |   0.0 |      12 |       0 |   0.0
     Lair:2 |    5092 |       0 |   0.0 |      11 |       0 |   0.0
     Lair:3 |    3951 |    2116 |  34.9 |      17 |       9 |  34.6
     Lair:4 |    3491 |    4177 |  54.5 |       9 |       9 |  50.0
     Lair:5 |    7310 |    4658 |  38.9 |      21 |       9 |  30.0
     Lair:6 |   13045 |    9898 |  43.1 |      41 |      22 |  34.9
      Orc:1 |     289 |       0 |   0.0 |       7 |       0 |   0.0
      Orc:2 |    4269 |    5555 |  56.5 |      47 |      67 |  58.8
   Vaults:1 |    3601 |    5766 |  61.6 |       6 |       6 |  50.0
   Gauntlet |       0 |    1210 | 100.0 |       0 |       8 | 100.0
            +---------+---------+-------+---------+---------+-------
